 Dungeon Crawl Stone Soup version 0.29.0-13-gc9e81de378 (webtiles) character file.

Game seed: 18007757036691819528

62 gelatine the Shooter (level 3, -4/27 HPs)
             Began as a Demonspawn Hunter on Sept 7, 2022.
             Was a Believer of Wu Jian.
             Slain by Sigmund
             ... wielding a +0 scythe
              (9 damage)
             ... on level 3 of the Dungeon.
             The game lasted 00:06:14 (2749 turns).

gelatine the Shooter (Demonspawn Hunter)            Turns: 2749, Time: 00:06:15

Health: -4/27      AC:  9    Str: 11    XL:     3   Next: 85%
Magic:  3/3        EV: 12    Int: 10    God:    Wu Jian [**....]
Gold:   167        SH:  0    Dex: 18    Spells: 2/2 levels left

rFire   + + .      SeeInvis .   a - +0 shortbow
rCold   x . .      Faith    .   (shield currently unavailable)
rNeg    + + +      Spirit   .   r - +3 ring mail of Udgheyxka {Harm +Inv rPois rN++}
rPois   +          Reflect  .   (no helmet)
rElec   .          Harm     +   v - +0 cloak
rCorr   .          Rampage  .   (no gloves)
Will    +....                   (no boots)
Stlth   ++........              (no amulet)
HPRegen 0.09/turn               c - ring of protection from fire
MPRegen 0.08/turn               u - ring "Etohiy Sevva" {Fire rN+ Will+}

@: attractive
A: sturdy frame 2
a: Renounce Religion, Evoke Invisibility, Wall Jump


You were on level 3 of the Dungeon.
You worshipped Wu Jian.
Wu Jian was pleased with you.
You visited 1 branch of the dungeon, and saw 3 of its levels.

You collected 167 gold pieces.

Inventory:

Hand Weapons
 a - a +0 shortbow (weapon)
Armour
 r - the +3 ring mail of Udgheyxka (worn) {Harm +Inv rPois rN++}
   (You found it on level 2 of the Dungeon)

   rPois:     It protects you from poison.
   rN:        It greatly protects you from negative energy.
   +Inv:      It lets you turn invisible.
   Harm:      It increases damage dealt and taken.
 v - a +0 cloak (worn)
Jewellery
 c - a ring of protection from fire (left hand)
 u - the ring "Etohiy Sevva" (right hand) {Fire rN+ Will+}
   (You found it on level 3 of the Dungeon)

   [ring of fire]

   It enhances your fire magic.
   rF:        It protects you from fire.
   rC:        It makes you vulnerable to cold.
   rN:        It protects you from negative energy.
   Will:      It increases your willpower.
Scrolls
 b - 2 scrolls of immolation
 d - 2 scrolls of fog {unknown}
 e - 3 scrolls of amnesia {unknown}
 f - 6 scrolls of noise {unknown}
 g - a scroll of identify {unknown}
 i - 2 scrolls of magic mapping {unknown}
 n - a scroll of teleportation {unknown}
 t - a scroll of fear {unknown}
Potions
 h - a potion of ambrosia {unknown}
 j - a potion of invisibility
 k - a potion of berserk rage {unknown}
 l - a potion of flight {unknown}
 m - a potion of haste
 o - a potion of curing {unknown}
 p - a potion of brilliance {unknown}
 q - a potion of attraction
 s - a potion of heal wounds {unknown}


   Skills:
 + Level 2.1 Fighting
 + Level 4.9 Ranged Weapons
 + Level 1.8 Dodging
 + Level 1.0 Stealth


You had 2 spell levels left.
You didn't know any spells.
Your spell library contained the following spells:

 Spells                   Type           Power      Damage    Failure   Level
 Olgreb's Toxic Radiance  Pois           0%         N/A       99%         4
 Ozocubu's Refrigeration  Ice            0%         4d7       100%        7
 Ignition                 Fire           0%         3d3       100%        8


Dungeon Overview and Level Annotations

Branches:
Dungeon (3/15)

Altars:
Vehumet
Wu Jian

Shops:
D:3 [

Annotations:
D:3 3 runed translucent doors, RascalDebosk's ghost, amateur TrGl; Sigmund


Innate Abilities, Weirdness & Mutations

Your movements are less encumbered by armour. (ER -4)


Message History

You shoot an arrow.
You feel less confused. Sigmund completely misses you.
It was a potion of invisibility.
You fade into invisibility!
It was a potion of attraction.
You feel attractive to monsters.
Sigmund hits you from afar with a +0 scythe.
Sigmund is attracted toward you. Sigmund is attracted toward you.
Sigmund is attracted toward you. Sigmund barely misses you.
Sigmund is attracted toward you. Sigmund is attracted toward you.
Sigmund barely misses you. Sigmund is attracted toward you.
Sigmund is attracted toward you. Sigmund barely misses you.
Sigmund is attracted toward you.
You flicker for a moment.
Sigmund is attracted toward you. Sigmund is attracted toward you.
Things that are here:
a +0 short sword; 2 stones; a kobold skeleton Sigmund is attracted toward you.
Sigmund is attracted toward you. Sigmund is attracted toward you.
Sigmund misses you. Sigmund is attracted toward you.
You flicker back into view.
Sigmund hits you from afar with a +0 scythe.
* * * LOW HITPOINT WARNING * * *
Sigmund is attracted toward you. Sigmund is attracted toward you.
Sigmund attacks as you move away! Sigmund barely misses you.
Sigmund hits you from afar with a +0 scythe.
* * * LOW HITPOINT WARNING * * *
Sigmund is attracted toward you. Sigmund is attracted toward you.
Sigmund closely misses you. Sigmund is attracted toward you.
Sigmund closely misses you. Sigmund is attracted toward you.
Sigmund is attracted toward you. Sigmund attacks as you move away!
Sigmund hits you with a +0 scythe!
You die...

..'.......#.........# #.#
..#.#.....'.........# #.########
..#.#.....#.........# #........#
###.#.....#.........# #..#####.#
..........##+######## #..# #.#
###.#.....##>......#####..# #..
#.#.....##..###.........# #..
#.#.....##...#..........#####..
###.#.#......#.#@@§§.....§.)§§...
..........##..∩...#.#.###.##.###.
.............#.#..#.#.# #.##.# #.
..........###..#..#.#.# #.##.# ##
...##..#..###.##..#.#.###.##.####
..................#.#.[........##
#.........................##.####
####...#...##.##.##.#.######.# #
##...............##.#.# #.# #


You could see Sigmund.

Vanquished Creatures
  An adder (D:2)
  2 dart slugs
  7 endoplasms
  A giant cockroach (D:3)
  5 goblins
  4 hobgoblins
  3 jackals (D:1)
  2 quokkas (D:1)
  5 ball pythons
  5 bats
  3 frilled lizards
  7 kobolds
  A rat (D:1)
46 creatures vanquished.

Notes
Turn   | Place    | Note
-------+----------+-------------------------------------------
     0 | D:1      | gelatine the Demonspawn Hunter began the quest for the Orb.
     0 | D:1      | Reached XP level 1. HP: 16/16 MP: 1/1
   112 | D:1      | Found a faded altar of an unknown god.
   134 | D:1      | Prayed at the altar of an unknown god.
   134 | D:1      | Became a worshipper of the Wu Jian Council
   134 | D:1      | Reached * piety under Wu Jian
   230 | D:1      | Reached skill level 4 in Ranged Weapons
   286 | D:1      | Gained mutation: Your movements are slightly less
                  | encumbered by armour. (ER -2) [demonic ancestry]
   286 | D:1      | Reached XP level 2. HP: 22/22 MP: 2/2
  1220 | D:2      | Reached skill level 1 in Stealth
  1220 | D:2      | Gained mutation: Your movements are less encumbered by
                  | armour. (ER -4) [demonic ancestry]
  1220 | D:2      | Reached XP level 3. HP: 27/27 MP: 3/3
  1352 | D:2      | Reached ** piety under Wu Jian
  1622 | D:2      | Identified the +3 ring mail of Udgheyxka {Harm +Inv rPois
                  | rN++}
  2060 | D:3      | Noticed RascalDebosk's ghost (amateur TrGl)
  2061 | D:3      | Found a runed translucent gate.
  2069 | D:3      | Found a runed translucent gate.
  2069 | D:3      | Found a runed translucent gate.
  2283 | D:3      | Found a radiant altar of Vehumet.
  2381 | D:3      | Identified the ring "Etohiy Sevva" {Fire rN+ Will+}
  2460 | D:3      | Found Food's Antique Armour Shoppe.
  2710 | D:3      | Noticed Sigmund
  2749 | D:3      | Slain by Sigmund

Illustrated notes

Levels and vault maps discovered:
D:1:      nzn_arrival_water_spiral, layout_basic, ebering_ecumenical_altar_mist
D:2:      layout_basic
D:3:      layout_basic, vehumet_crystals, gammafunk_ghost_split, serial_shops,
          nicolae_shop_crystal, uniq_sigmund

Skill      XL: |  1  2 |
---------------+-------+-----
Ranged Weapons | 4 |  4.9
Stealth        | 1 |  1.0
Fighting       | |  2.1
Dodging        | |  1.8

Action                   || total
-------------------------++-------
 Fire: Shortbow          ||   115
  Use: Potion            ||     2
Armor: Leather armour    ||     6
       Ring mail         ||     5
Dodge: Dodged            ||    26
